 Dungeon Crawl Stone Soup version 0.28.0-47-ge53b351184 (webtiles) character file.

Game seed: 16478492337287902760

14 Icepheonix32 the Chiller (level 2, -1/19 HPs)
             Began as a Demonspawn Ice Elementalist on May 5, 2022.
             Slain by a jackal (3 damage)
             ... on level 1 of the Dungeon.
             The game lasted 00:00:57 (573 turns).

Icepheonix32 the Chiller (DsIE)                      Turns: 573, Time: 00:00:58

Health: -1/19      AC:  2    Str:  8    XL:     2   Next: 27%
Magic:  0/5        EV: 12    Int: 16    God:
Gold:   22         SH:  0    Dex: 13    Spells: 4/5 levels left

rFire   . . .      SeeInvis .   (no weapon)
rCold   . . .      Faith    .   (no shield)
rNeg    . . .      Spirit   .   a - +0 robe
rPois   .          Reflect  .   (helmet restricted)
rElec   .          Harm     .   (no cloak)
rCorr   .          Rampage  .   (no gloves)
Will    .....                   (no boots)
Stlth   ++........              (no amulet)
HPRegen 0.06/turn               (no ring)
MPRegen 0.09/turn               (no ring)

@: no status effects
A: horns 1
a: no special abilities


You were on level 1 of the Dungeon.
You visited 1 branch of the dungeon, and saw 1 of its levels.

You collected 22 gold pieces.

Inventory:

Armour
 a - a +0 robe (worn)
Jewellery
 b - a ring of see invisible


   Skills:
 - Level 1.7 Dodging
 - Level 1.7 Stealth
 - Level 2.0 Spellcasting
 + Level 4.2 Ice Magic


You had 4 spell levels left.
You knew the following spells:

 Your Spells              Type           Power      Damage    Failure   Level
a - Freeze                Ice            60%        1d8       3%          1

Your spell library contained the following spells:

 Spells                   Type           Power      Damage    Failure   Level
 Frozen Ramparts          Ice            30%        1d5       11%         3
 Ozocubu's Armour         Ice            15%        N/A       11%         3
 Hailstorm                Conj/Ice       8%         3d4       65%         4


Dungeon Overview and Level Annotations

Branches:
Dungeon (1/15)

Altars:


Innate Abilities, Weirdness & Mutations

You have a pair of small horns on your head.


Message History

You are very lightly contaminated with residual magic.
Nothing appears to happen.
The jackal misses you.
Unknown command.
Casting: Freeze (safe; 3% risk of failure)
Confirm with . or Enter, or press ? or * to list all spells.
Aiming: Freeze (safe; 3% risk of failure)
Press: ? - help, Shift-Dir - straight line, f/p - jackal
Aim: a jackal You freeze the jackal.
The jackal is heavily wounded.
The jackal closely misses you. The jackal bites you.
Unknown command.
A jackal is nearby!
A jackal is nearby!
You hit the jackal but do no damage.
You headbutt the jackal, but do no damage.
The jackal is heavily wounded.
The jackal bites you.
* * * LOW HITPOINT WARNING * * *
You barely miss the jackal. Your punch misses the jackal.
The jackal is heavily wounded.
The jackal barely misses you. x2
You hit the jackal but do no damage.
The jackal is moderately wounded.
The jackal completely misses you.
You hit the jackal but do no damage.
The jackal is moderately wounded.
The jackal bites you.
* * * LOW HITPOINT WARNING * * *
Unknown command.
You hit the jackal.
The jackal is moderately wounded.
The jackal bites you.
* * * LOW HITPOINT WARNING * * *
The jackal misses you.
Your magical contamination has completely faded away.
You closely miss the jackal. Your headbutt misses the jackal.
The jackal is moderately wounded.
The jackal bites you.
You die...

§..[. ##.# #.##
.... ###.## #.#
§≈≈ ####..## #.#
#'#####...###.#
#.# .......####
..# #.# #.######
..###.# #.#
..##.# ..# #h##.#
### #@##.# #.##.#
#..#.## #.....##
#.#.#..#
#.#.##.### #
#.#.##...########
#
#>..####........#
#
###.............#


You could see a jackal.

Vanquished Creatures
  An endoplasm (D:1)
  4 hobgoblins (D:1)
  3 jackals (D:1)
  A kobold (D:1)
  2 rats (D:1)
11 creatures vanquished.

Notes
Turn   | Place    | Note
-------+----------+-------------------------------------------
     0 | D:1      | Icepheonix32 the Demonspawn Ice Elementalist began the
                  | quest for the Orb.
     0 | D:1      | Reached XP level 1. HP: 13/13 MP: 3/3
   240 | D:1      | Found a faded altar of an unknown god.
   375 | D:1      | Reached skill level 4 in Ice Magic
   440 | D:1      | Gained mutation: You have a pair of small horns on your
                  | head. [demonic ancestry]
   440 | D:1      | Reached XP level 2. HP: 18/19 MP: 1/5
   573 | D:1      | Slain by a jackal

Illustrated notes

Levels and vault maps discovered:
D:1:      dpeg_arrival_morbid_curiosity, layout_rooms, serial_shops, shop,
          hellmonk_ecumenical_altar_heavens_door

Skill      XL: |  1 |
---------------+----+-----
Ice Magic      | 4 |  4.2
Dodging        | |  1.7
Stealth        | |  1.7
Spellcasting   | |  2.0

Action                   || total
-------------------------++-------
Melee: Unarmed           ||    23
       Headbutt          ||     3
 Cast: Freeze            ||    19
Armor: Robe              ||    10
Dodge: Dodged            ||    21
